 Dungeon Crawl Stone Soup version 0.24.0-124-g2791043dd8 (webtiles) character file.

Game seed: 9833965575892674694, levelgen mode: deterministic

25 Johnny the Digger (level 2, 0/16 HPs)
             Began as a Deep Elf Earth Elementalist on Feb 16, 2020.
             Slain by a leopard gecko (5 damage)
             ... on level 2 of the Dungeon.
             The game lasted 00:01:18 (1030 turns).

Johnny the Digger (Deep Elf Earth Elementalist)     Turns: 1030, Time: 00:01:19

Health: 0/16       AC:  2    Str:  5    XL:     2   Next: 82%
Magic:  3/8        EV: 13    Int: 19    God:
Gold:   17         SH:  0    Dex: 15    Spells: 6/7 levels left

rFire    . . .     SeeInvis .   (no weapon)
rCold    . . .     Gourm    .   (no shield)
rNeg     . . .     Faith    .   c - +0 robe
rPois    .         Spirit   .   (no helmet)
rElec    .         Reflect  .   (no cloak)
rCorr    .         Harm     .   (no gloves)
MR       .....                  (no boots)
Stlth    ++........             (no amulet)
HPRegen  0.05/turn              i - ring of flight
MPRegen  0.11/turn              (no ring)

@: no status effects
A: no striking features
a: Evoke Flight


You were on level 2 of the Dungeon.
You were not hungry.

You visited 1 branch of the dungeon, and saw 2 of its levels.

You collected 17 gold pieces.

Inventory:

Missiles
 b - 77 stones (quivered)
Armour
 c - a +0 robe (worn)
Jewellery
 i - a ring of flight (left hand)
Scrolls
 a - a scroll of remove curse {unknown}
 e - 5 scrolls of identify {unknown}
 g - a scroll of enchant weapon {unknown}
 l - a scroll of amnesia {unknown}
Potions
 f - 2 potions of flight {unknown}
 h - a potion of ambrosia {unknown}
 j - a potion of degeneration {unknown}
 k - a potion of resistance {unknown}
Comestibles
 d - a ration


   Skills:
 * Level 1.4 Fighting
 - Level 2.4 Dodging
 - Level 2.4 Stealth
 + Level 3.4 Spellcasting
   Level 1.1 Transmutations
 + Level 3.6 Earth Magic


You had 6 spell levels left.
You knew the following spells:

 Your Spells              Type           Power        Failure   Level  Hunger
a - Sandblast             Erth           ###...       3%          1    None

Your spell library contained the following spells:

 Spells                   Type           Power        Failure   Level  Hunger
 Passwall                 Tmut/Erth      ##......     9%          2    ##.....
 Stone Arrow              Conj/Erth      ##....       21%         3    ###....
 Petrify                  Tmut/Erth      ##......     50%         4    ####...
 Lee's Rapid Deconstruct  Erth           ###.......   67%         5    ######.


Dungeon Overview and Level Annotations

Branches:
Dungeon (2/15)

Altars:

Annotations:
D:2 Terence


Message History

Confirm with . or Enter, or press ? or * to list all spells.
Aiming: Sandblast (safe; 3% risk of failure)
Press: ? - help, Shift-Dir - straight line, f - leopard gecko, p - Terence
Aim: a leopard gecko (clinging)
The blast of sand hits the leopard gecko.
The leopard gecko is severely wounded.
b - 78 stones The leopard gecko bites you.
Casting: Sandblast (safe; 3% risk of failure)
Confirm with . or Enter, or press ? or * to list all spells.
Aiming: Sandblast (safe; 3% risk of failure)
Press: ? - help, Shift-Dir - straight line, f/p - leopard gecko
Aim: a leopard gecko (severely wounded, clinging)
The blast of sand misses the leopard gecko.
b - 77 stones Terence barely misses you.
The leopard gecko closely misses you.
You hit the leopard gecko but do no damage.
The leopard gecko is severely wounded.
The leopard gecko bites you.
You die...

#### ?...#
#########.....#
##.....@@l.....#
###...######.....#
#(....# ....#
#.#...# .### #
#.##### # #.
#.##.. #.# #.##.#
..##)##.#
##.#.##.# #.# .#


You could see Terence and a leopard gecko.

Vanquished Creatures
  A ball python (D:1)
  2 bats (D:1)
  3 goblins
  3 hobgoblins
  2 frilled lizards
  5 kobolds
  8 rats (D:1)
24 creatures vanquished.

Notes
Turn   | Place    | Note
-------+----------+-------------------------------------------
     0 | D:1      | Johnny the Deep Elf Earth Elementalist began the quest for
                  | the Orb.
     0 | D:1      | Reached XP level 1. HP: 10/10 MP: 6/6
   442 | D:1      | Reached XP level 2. HP: 7/16 MP: 4/8
   447 | D:1      | Reached skill level 1 in Fighting
  1004 | D:2      | Noticed Terence
  1030 | D:2      | Slain by a leopard gecko

Levels and vault maps discovered:
D:1:      dpeg_arrival_ratfight, layout_rooms
D:2:      layout_loops_ring, nicolae_overflow_crystal_walls, first_ration,
          uniq_jessica, uniq_terence

Skill      XL: |  1  2 |
---------------+-------+-----
Fighting       | 1 |  1.4
Dodging        | |  2.4
Stealth        | |  2.4
Spellcasting   | |  3.4
Transmutations | |  1.1
Earth Magic    | |  3.6

Action                   || total
-------------------------++-------
Melee: Unarmed           ||    20
 Cast: Sandblast         ||    32
 Stab: Sleeping          ||     1
Armor: Robe              ||     5
Dodge: Dodged            ||    24
